 Dungeon Crawl Stone Soup version 0.28.0-45-g0d030f2227 (webtiles) character file.

Game seed: 11725762350349166708

2233 pkoi the Chiller (level 8, -7/66 HPs)
             Began as a Demigod Ice Elementalist on Apr 5, 2022.
             Mangled by Harold
             ... wielding a +1 battleaxe of flaming
              (9 damage)
             ... on level 7 of the Dungeon.
             The game lasted 00:14:52 (7648 turns).

pkoi the Chiller (Demigod Ice Elementalist)         Turns: 7648, Time: 00:14:53

Health: -7/66      AC:  6    Str:  9    XL:     8   Next: 91%
Magic:  14/15      EV: 13    Int: 25    God:
Gold:   307        SH:  0    Dex: 14    Spells: 7/13 levels left

rFire   . . .      SeeInvis .   j - +8 trident of the Octopus King {venom, rElec rPois}
rCold   . . .      Faith    .   (no shield)
rNeg    . . .      Spirit   .   a - +0 robe
rPois   +          Reflect  .   u - +0 helmet
rElec   +          Harm     .   t - +0 cloak
rCorr   .          Rampage  .   o - +0 pair of gloves
Will    .....                   y - +0 pair of boots
Stlth   ++........              z - amulet of magic regeneration
HPRegen 0.21/turn               p - ring of flight
MPRegen 0.54/turn               (no ring)

@: marked, freezing walls, flying
A: high MP 1, forlorn, divine attributes
a: no special abilities


You were on level 7 of the Dungeon.
You visited 2 branches of the dungeon, and saw 8 of its levels.

You collected 307 gold pieces.

Inventory:

Hand Weapons
 b - a +0 spear
 h - a +2 spear of venom
 j - the +8 trident of the Octopus King (weapon) {venom, rElec rPois}
   (You found it on level 2 of the Dungeon)

   It poisons the flesh of those it strikes.
   rElec:     It insulates you from electricity.
   rPois:     It protects you from poison.
Missiles
 k - 12 poisoned darts
Armour
 a - a +0 robe (worn)
 o - a +0 pair of gloves (worn)
 t - a +0 cloak (worn)
 u - a +0 helmet (worn)
 y - a +0 pair of boots (worn)
Magical Staves
 i - a staff of cold
Jewellery
 p - a ring of flight (left hand)
 z - an amulet of magic regeneration (around neck)
Wands
 A - a wand of paralysis (4)
Scrolls
 d - 7 scrolls of enchant weapon
 f - a scroll of identify
 g - 3 scrolls of teleportation
 n - a scroll of amnesia
 v - a scroll of enchant armour {unknown}
Potions
 c - 2 potions of degeneration
 e - 2 potions of might
 l - a potion of attraction {unknown}
 m - 2 potions of curing
 q - 4 potions of haste
 r - a potion of heal wounds
 s - 3 potions of brilliance
 x - a potion of resistance
 B - a potion of flight


   Skills:
 + Level 3.7 Fighting
 * Level 5.2 Polearms
 + Level 4.3 Dodging
 - Level 1.7 Stealth
 - Level 3.0 Spellcasting
 + Level 3.0 Translocations
 * Level 7.5 Ice Magic


You had 7 spell levels left.
You knew the following spells:

 Your Spells              Type           Power      Damage    Failure   Level
a - Freeze                Ice            100%       1d11      1%          1
b - Frozen Ramparts       Ice            82%        1d10      1%          3
c - Blink                 Tloc           36%        N/A       4%          2

Your spell library contained the following spells:

 Spells                   Type           Power      Damage    Failure   Level
 Ozocubu's Armour         Ice            41%        N/A       1%          3
 Animate Skeleton         Necr           6%         N/A       10%         1
 Pain                     Necr           12%        1d4       10%         1
 Hailstorm                Conj/Ice       22%        3d7       22%         4
 Passage of Golubria      Tloc           18%        N/A       28%         4
 Stone Arrow              Conj/Erth      6%         3d7       30%         3
 Tukima's Dance           Hex            3%         N/A       30%         3
 Vampiric Draining        Necr           3%         2d6       30%         3
 Manifold Assault         Tloc           18%        N/A       63%         5
 Animate Armour           Summ/Erth      6%         N/A       69%         4
 Summon Forest            Summ/Tloc      5%         N/A       83%         5
 Summon Mana Viper        Hex/Summ       3%         N/A       95%         5
 Yara's Violent Unravell  Hex/Tmut       1%         3d3       95%         5
 Summon Cactus Giant      Summ           1%         N/A       100%        6
 Storm Form               Tmut/Air       1%         N/A       100%        7
 Lehudib's Crystal Spear  Conj/Erth      1%         10d2      100%        8


Dungeon Overview and Level Annotations

Branches:
Dungeon (7/15)             Temple (1/1) D:6

Shops:
D:2 [

Annotations:
D:7 Harold


Innate Abilities, Weirdness & Mutations

You have an increased reservoir of magic. (+10% MP)
You shall have no god before yourself.
Your divine heritage dramatically boosts your attributes as you level up.


Message History

* * * LOW HITPOINT WARNING * * *
Harold burns you!
* * * LOW HITPOINT WARNING * * *
You feel much better.
The wall freezes Harold!
Harold hits you with a +1 battleaxe of flaming!
* * * LOW HITPOINT WARNING * * *
Harold burns you.
* * * LOW HITPOINT WARNING * * *
Aiming: Freeze (safe; 1% risk of failure)
Press: ? - help, Q - select action, (/) - cycle Shift-Dir - straight line, f - Harold
Aim: Harold, wielding a +1 battleaxe of flaming, wearing a +0 chain mail and quivering 4 throwing nets (heavily wounded)
You freeze Harold.
Harold is heavily wounded.
The wall freezes Harold!
Harold points at you and mumbles some strange words.
A sentinel's mark forms upon you.
Aiming: Freeze (safe; 1% risk of failure)
Press: ? - help, Q - select action, (/) - cycle Shift-Dir - straight line, f/p - Harold
Aim: Harold, wielding a +1 battleaxe of flaming, wearing a +0 chain mail and quivering 4 throwing nets (heavily wounded)
You freeze Harold.
Harold is heavily wounded.
The wall freezes Harold.
Harold hits you with a +1 battleaxe of flaming!
* * * LOW HITPOINT WARNING * * *
Harold burns you.
* * * LOW HITPOINT WARNING * * *
You feel much better.
The wall freezes Harold.
Harold hits you with a +1 battleaxe of flaming!
* * * LOW HITPOINT WARNING * * *
Harold burns you.
* * * LOW HITPOINT WARNING * * *
Unknown command.
Unknown command.
You barely miss Harold.
Harold is severely wounded.
The wall freezes Harold!
Harold hits you with a +1 battleaxe of flaming!!
* * * LOW HITPOINT WARNING * * *
Harold burns you!
You die...

# # #. #.#.##
#.....
###....#######..
.......@@.......
###....#######..
.....#. #### ##


You could see Harold.

Vanquished Creatures
  Sigmund (D:2)
  Eustachio (D:6)
  A steam dragon (D:6)
  An ice beast (D:6)
  A sky beast (D:5)
  3 black bears
  4 ogres
  A hornet zombie (D:6)
  A necrophage (D:6)
  A phantom (D:6)
  2 scorpions
  A water moccasin zombie (D:5)
  A wyvern skeleton (D:6)
  A centaur skeleton (D:5)
  An orc priest (D:5)
  Crazy Yiuf (D:3)
  A hound (D:4)
  3 jellies
  Terence (D:2)
  3 iguanas
  An orc wizard (D:6)
  A hound skeleton (D:4)
  A howler monkey zombie (D:6)
  4 gnolls
  7 adders
  A howler monkey skeleton (D:6)
  An ufetubus (D:6)
  An adder skeleton (D:4)
  2 worms
  7 dart slugs
  4 orcs
  5 bats
  8 endoplasms
  2 giant cockroaches
  8 goblins
  3 hobgoblins (D:1)
  8 jackals
  5 kobolds
  2 quokkas
  8 ball pythons
  3 frilled lizards
  A quokka skeleton (D:4)
  7 rats
120 creatures vanquished.

Vanquished Creatures (others)
  4 fungi (D:3)
  2 plants (D:6)
6 creatures vanquished.

Grand Total: 126 creatures vanquished

Notes
Turn   | Place    | Note
-------+----------+-------------------------------------------
     0 | D:1      | pkoi the Demigod Ice Elementalist began the quest for the
                  | Orb.
     0 | D:1      | Reached XP level 1. HP: 14/14 MP: 5/5
   150 | D:1      | Reached skill level 4 in Ice Magic
   150 | D:1      | Reached XP level 2. HP: 20/20 MP: 2/7
   924 | D:1      | Reached XP level 3. HP: 26/26 MP: 6/8
  1336 | D:1      | Learned a level 3 spell: Frozen Ramparts
  1378 | D:2      | Found the +8 trident of the Octopus King {venom, rElec
                  | rPois}
  1588 | D:2      | Noticed Sigmund
  1639 | D:2      | Found Pethronwo's Armour Shop.
  1853 | D:2      | Noticed Terence
  1902 | D:2      | Killed Terence
  1923 | D:2      | Killed Sigmund
  1924 | D:2      | Reached skill level 1 in Fighting
  1924 | D:2      | Reached skill level 1 in Polearms
  1924 | D:2      | Reached skill level 5 in Ice Magic
  1924 | D:2      | Reached XP level 4. HP: 3/35 MP: 4/10
  1924 | D:2      | Reached XP level 5. HP: 4/40 MP: 4/11
  2867 | D:3      | Noticed an ogre
  2872 | D:3      | Killed an ogre
  2873 | D:3      | Reached XP level 6. HP: 44/48 MP: 8/12
  3279 | D:3      | Found a runed translucent door.
  3280 | D:3      | Noticed Crazy Yiuf
  3285 | D:3      | Killed Crazy Yiuf
  3478 | D:4      | Learned a level 2 spell: Blink
  3780 | D:4      | Reached skill level 6 in Ice Magic
  3780 | D:4      | Reached XP level 7. HP: 47/55 MP: 9/14
  4188 | D:5      | Entered Level 5 of the Dungeon
  4221 | D:5      | Reached skill level 1 in Translocations
  4902 | D:5      | Reached XP level 8. HP: 61/62 MP: 15/15
  5850 | D:6      | Reached skill level 7 in Ice Magic
  6320 | D:6      | Noticed Eustachio
  6350 | D:6      | Killed Eustachio
  6351 | D:6      | Reached skill level 5 in Polearms
  6549 | D:6      | Found a staircase to the Ecumenical Temple.
  6560 | Temple   | Entered the Ecumenical Temple
  7635 | D:7      | Noticed Harold
  7646 | D:7      | HP: 3/66 [Harold/+1 battleaxe of flaming (5)]
  7648 | D:7      | Mangled by Harold

Illustrated notes

Levels and vault maps discovered:
D:1:      sevenhm_arrival_forest_fort_large_2, layout_loops_ring,
          dreamdust_ecumenical_altar_angels_and_demons,
          amcnicky_mini_rare_corridor_liquid, serial_bayou_ford_a
D:2:      layout_basic, serial_shops, shop, uniq_terence, uniq_sigmund
D:3:      layout_loops_ring, uniq_crazy_yiuf_cottage
D:4:      layout_basic, ashenzari_altar_1, grunt_gozag_statues,
          serial_bayou_pond_d, minmay_three_crescents
D:5:      layout_basic, grunt_qazlal_clouds, kennysheep_opposing_triangles
D:6:      layout_basic, eat_drink_and_be_merry_uskayaw,
          minmay_temple_entry_junction, serial_bayou_pond_d, uniq_eustachio
D:7:      layout_loops_corners, overflow_temple_1_default, kennysheep_mini_moat,
          uniq_harold
Temple:   nicolae_temple_figure_eight

Skill      XL: |  1  2  3  4  5  6  7  8 |
---------------+-------------------------+-----
Ice Magic      | 4 5 6 7 |  7.5
Spellcasting   | 2 3 |  3.0
Fighting       | 1 2 3 |  3.7
Polearms       | 1 2 3 5 |  5.2
Dodging        | 2 3 4 |  4.3
Translocations | 1 3 |  3.0
Stealth        | |  1.7

Action                   |  1- 3 |  4- 6 |  7- 9 || total
-------------------------+-------+-------+-------++-------
Melee: Unarmed           |     2 |       |       ||     2
       Spear             |    19 |       |       ||    19
       Punch             |     1 |       |       ||     1
       Trident           |    11 |    68 |   117 ||   196
 Cast: Freeze            |    31 |     9 |    12 ||    52
       Frozen Ramparts   |     3 |     7 |    16 ||    26
  Use: Scroll            |       |     5 |    10 ||    15
       Potion            |       |     1 |     2 ||     3
 Stab: Sleeping          |     6 |     7 |     2 ||    15
       Distracted        |       |       |     1 ||     1
Armor: Robe              |     4 |     7 |    29 ||    40
Dodge: Dodged            |    28 |    24 |    64 ||   116
